AoeStats
← L_S_D_D_S_L

MegaRandom

506364447Analyzed
2v2 RM · 20d ago on Sep 13, 2026· 65m 57s· 4 players
Game mode
Random Map
Map size
Medium (4 player)
Population
200
Speed
Normal
Resources
Standard
Victory
Conquest
Starting age
Dark Age
Ending age
Imperial Age
RankedLock teamsTeams togetherTeam positionsShared explorationLock speedFull tech treeHidden civsTurbo modeCheats
Victory
Defeat
🇦🇺 Mongols · Australia
1098
+13
🇷🇺 Britons · Russia
976
+17
🇮🇹 Mongols · Italy
1034
-16
🇪🇸 Malians · Spain
998
-14
L_S_D_D_S_L
3:44 Loom
10:48 Feudal Age
11:14 Horse Collar
11:29 Double-Bit Axe
12:19 Horse Collar
15:53 Castle Age
16:27 Bloodlines
17:10 Husbandry
17:56 Heavy Plow
18:48 Bow Saw
21:05 Wheelbarrow
21:18 Town Watch
21:54 Light Cavalry
22:56 Fletching
23:13 Scale Barding Armor
24:09 Hand Cart
24:58 Forging
31:13 Imperial Age
29:45 Chain Barding Armor
29:51 Bodkin Arrow
30:26 Padded Archer Armor
32:10 Iron Casting
32:39 Onager
36:31 Leather Archer Armor
36:17 Gold Mining
38:16 Ballistics
39:01 Conscription
39:03 Bracer
39:39 Iron Casting
40:03 Drill
39:52 Hussar
40:07 Hussar
46:18 Blast Furnace
60:20 Capped Ram
Mr.J
1:44 Loom
13:42 Feudal Age
21:18 Castle Age
19:46 Stone Mining
20:25 Gold Mining
20:23 Double-Bit Axe
20:24 Horse Collar
23:08 Wheelbarrow
22:18 Town Watch
22:56 Pikeman
25:19 Bloodlines
27:46 Scale Mail Armor
27:57 Forging
29:31 Gold Shaft Mining
30:04 Squires
30:25 Chain Mail Armor
30:45 Iron Casting
31:50 Heavy Plow
34:37 Imperial Age
32:34 Arson
34:09 Iron Casting
33:27 Fletching
34:26 Ballistics
34:02 Murder Holes
34:38 Scale Barding Armor
33:59 Light Cavalry
36:01 Plate Mail Armor
35:42 Bodkin Arrow
37:05 Chemistry
36:22 Heavy Camel Rider
41:04 Farimba
42:46 Husbandry
45:27 Chain Barding Armor
45:08 Padded Archer Armor
45:13 Elite Gbeto
47:02 Hand Cart
49:34 Plate Barding Armor
51:38 Leather Archer Armor
56:01 Crop Rotation
56:04 Conscription
55:45 Tigui
RainbowRock3115
3:19 Loom
9:38 Feudal Age
10:27 Double-Bit Axe
11:38 Bloodlines
13:31 Forging
15:16 Scale Barding Armor
21:25 Castle Age
20:07 Fletching
20:10 Gold Mining
20:51 Padded Archer Armor
21:46 Wheelbarrow
21:38 Stone Mining
22:16 Bodkin Arrow
22:45 Husbandry
24:21 Horse Collar
25:08 Leather Archer Armor
34:54 Imperial Age
33:45 Chain Barding Armor
33:58 Hand Cart
33:31 Light Cavalry
35:45 Bracer
37:33 Hussar
40:08 Parthian Tactics
39:40 Elite Steppe Lancer
43:50 Parthian Tactics
42:47 Heavy Cavalry Archer
45:25 Onager
52:18 Conscription
52:46 Bow Saw
52:07 Elite Mangudai
54:23 Nomads
61:36 Iron Casting
62:28 Hoardings
BratCamrade
2:27 Loom
9:13 Feudal Age
11:26 Double-Bit Axe
13:52 Castle Age
17:05 Squires
17:28 Horse Collar
18:45 Stone Mining
19:55 Padded Archer Armor
20:50 Crossbowman
23:16 Heavy Plow
25:47 Pikeman
26:30 Fletching
27:23 Bodkin Arrow
28:58 Padded Archer Armor
30:29 Leather Archer Armor
34:11 Imperial Age
33:12 Scale Barding Armor
33:17 Forging
33:11 Scale Mail Armor
34:02 Husbandry
34:25 Chain Barding Armor
34:39 Arbalester
35:40 Bracer
36:34 Ring Archer Armor
36:40 Iron Casting
36:49 Wheelbarrow
36:14 Gold Mining
36:40 Bow Saw
36:14 Cavalier
37:33 Iron Casting
37:32 Ring Archer Armor
38:15 Ballistics
38:55 Chemistry
38:07 Masonry
38:17 Hand Cart
38:55 Conscription
39:20 Iron Casting
39:22 Chain Mail Armor
47:42 Plate Barding Armor
48:08 Blast Furnace
49:19 Light Cavalry
49:20 Halberdier
52:43 Elite Skirmisher
Connection lost

Rejoining the realm…

Still unreachable

The connection could not be restored.

Session expired

The server has moved on; the page needs a fresh start.